TOP OF THE 1ST |
Pocatello Boccabellas batting - Pitching for Portland Cards : LHP Mike Graves
|
Pitching: LHP Mike Graves
|
|
Batting: RHB José García
|
0-0: Ball 1-0: Ball 2-0: Fly out, F3 (Popup, 3DF)
|
Batting: LHB Norberto Muñóz
|
0-0: Called Strike 0-1: Ball 1-1: Foul Ball, location: 2F 1-2: Ball 2-2: Strikes out looking
|
Batting: RHB Marlon Phipps
|
0-0: Ball 1-0: Ball 2-0: Ball 3-0: Base on Balls
|
Batting: LHB Juan Cortés
|
0-0: Ball 1-0: Ball 2-0: Ball 3-0: Foul Ball, location: 2F 3-1: 2-RUN HOME RUN (Flyball, 9D), Distance : 348 ft
|
Batting: RHB Francisco Sandoval
|
0-0: Called Strike 0-1: Called Strike 0-2: Strikes out swinging
|
Top of the 1st over - 2 run(s), 1 hit(s), 0 error(s), 0 left on base; Pocatello 2 - Portland 0 |
BOTTOM OF THE 1ST |
Portland Cards batting - Pitching for Pocatello Boccabellas : LHP Rod Adams
|
Pitching: LHP Rod Adams
|
|
Batting: RHB Lonson Seals
|
0-0: Ball 1-0: Ground out 5-3 (Groundball, 6)
|
Batting: LHB Keith Beard
|
0-0: Foul Ball, location: 2F 0-1: Bunt missed! 0-2: Ball 1-2: Foul Ball, location: 2F 1-2: Foul Ball, location: 2F 1-2: Strikes out swinging
|
Batting: LHB Jeff Daniels
|
0-0: Ball 1-0: Ball 2-0: Ground out 4-3 (Groundball, 4S)
|
Bottom of the 1st over - 0 run(s), 0 hit(s), 0 error(s), 0 left on base; Pocatello 2 - Portland 0 |
TOP OF THE 2ND |
Pocatello Boccabellas batting - Pitching for Portland Cards : LHP Mike Graves
|
Batting: RHB Pedro Guzmán
|
0-0: Called Strike 0-1: Ball 1-1: Ground out 6-3 (Groundball, 6M)
|
Batting: RHB José Delgado
|
0-0: Ground out 1-3 (Groundball, 13)
|
Batting: LHB Jim Jensen
|
0-0: Called Strike 0-1: Fly out, F7 (Flyball, 78D)
|
Top of the 2nd over - 0 run(s), 0 hit(s), 0 error(s), 0 left on base; Pocatello 2 - Portland 0 |
BOTTOM OF THE 2ND |
Portland Cards batting - Pitching for Pocatello Boccabellas : LHP Rod Adams
|
Batting: RHB Paco Arellano
|
0-0: Ball 1-0: Called Strike 1-1: Ground out 5-3 (Groundball, 5S)
|
Batting: LHB Paul Mullins
|
0-0: Ball 1-0: Swinging Strike 1-1: Called Strike 1-2: Foul Ball, location: 2F 1-2: SINGLE (Flyball, 8LS)
|
Batting: LHB Tom Blake
|
0-0: Ball 1-0: Grounds into double play, 6-4-3 (Groundball, 6)
|
Bottom of the 2nd over - 0 run(s), 1 hit(s), 0 error(s), 0 left on base; Pocatello 2 - Portland 0 |
TOP OF THE 3RD |
Pocatello Boccabellas batting - Pitching for Portland Cards : LHP Mike Graves
|
Batting: SHB Guillermo Ortíz
|
0-0: Ball 1-0: Ground out 5-3 (Groundball, 5L)
|
Batting: RHB José García
|
0-0: SINGLE (Groundball, 4M)
|
Batting: LHB Norberto Muñóz
|
0-0: Called Strike 0-1: Ball 1-1: Ball 2-1: Swinging Strike 2-2: Strikes out looking
|
Batting: RHB Marlon Phipps
|
0-0: Ball 1-0: Called Strike 1-1: Ball 2-1: Ball 3-1: Foul Ball, location: 2F 3-2: Base on Balls José García to second
|
Batting: LHB Juan Cortés
|
0-0: Ball 1-0: Swinging Strike 1-1: Swinging Strike 1-2: Ball 2-2: Fielders Choice at 2nd, 6-4 (Groundball, 6)
|
Top of the 3rd over - 0 run(s), 1 hit(s), 0 error(s), 1 left on base; Pocatello 2 - Portland 0 |
BOTTOM OF THE 3RD |
Portland Cards batting - Pitching for Pocatello Boccabellas : LHP Rod Adams
|
Batting: RHB Claudio Guerra
|
0-0: Ball 1-0: Foul Ball, location: 2F 1-1: Fly out, F4 (Popup, 4M)
|
Batting: RHB Dani Vázquez
|
0-0: Ball 1-0: Foul Ball, location: 2F 1-1: Swinging Strike 1-2: Hit by Pitch
|
Batting: RHB Bartolo Quiñones
|
0-0: Ball 1-0: Ball 2-0: Swinging Strike 2-1: Ball 3-1: Fly out, F8 (Flyball, 78M)
|
Batting: RHB Lonson Seals
|
0-0: Called Strike 0-1: Foul Ball, location: 2F 0-2: SINGLE (Line Drive, 6MD) Dani Vázquez to second
|
Batting: LHB Keith Beard
|
0-0: Ball 1-0: Called Strike 1-1: Ball 2-1: Ball 3-1: Base on Balls Dani Vázquez to third Lonson Seals to second
|
Batting: LHB Jeff Daniels
|
0-0: Ball 1-0: Ball 2-0: Called Strike 2-1: Ball 3-1: SINGLE (Groundball, 13) (infield hit) Dani Vázquez scores Lonson Seals to third Keith Beard to second
|
Batting: RHB Paco Arellano
|
0-0: Ball 1-0: Foul Ball, location: 2F 1-1: Foul Ball, location: 2F 1-2: Strikes out swinging
|
Bottom of the 3rd over - 1 run(s), 2 hit(s), 0 error(s), 3 left on base; Pocatello 2 - Portland 1 |
TOP OF THE 4TH |
Pocatello Boccabellas batting - Pitching for Portland Cards : LHP Mike Graves
|
Batting: RHB Francisco Sandoval
|
0-0: Ball 1-0: Ball 2-0: Foul Ball, location: 2F 2-1: Swinging Strike 2-2: Foul Ball, location: 2F 2-2: Ground out 6-3 (Groundball, 6)
|
Batting: RHB Pedro Guzmán
|
0-0: SINGLE (Groundball, 56D) (infield hit)
|
Batting: RHB José Delgado
|
0-0: Fielders Choice at 2nd, 1-4 (Groundball, 13S)
|
Batting: LHB Jim Jensen
|
0-0: Ball 1-0: Ball 2-0: Foul Ball, location: 2F 2-1: Swinging Strike 2-2: Foul Ball, location: 2F 2-2: Ball 3-2: SINGLE (Line Drive, 56D) José Delgado to second José Delgado to third
|
Batting: SHB Guillermo Ortíz
|
0-0: Ball 1-0: Ground out 5-3 (Groundball, 5S)
|
Top of the 4th over - 0 run(s), 2 hit(s), 0 error(s), 2 left on base; Pocatello 2 - Portland 1 |
BOTTOM OF THE 4TH |
Portland Cards batting - Pitching for Pocatello Boccabellas : LHP Rod Adams
|
Batting: LHB Paul Mullins
|
0-0: Foul Ball, location: 2F 0-1: Ground out 4-3 (Groundball, 34)
|
Batting: LHB Tom Blake
|
0-0: Swinging Strike 0-1: Called Strike 0-2: Foul Ball, location: 2F 0-2: Strikes out looking
|
Batting: RHB Claudio Guerra
|
0-0: Foul Ball, location: 2F 0-1: SINGLE (Groundball, 6M)
|
Batting: RHB Dani Vázquez
|
0-0: Ball 1-0: Ball 2-0: Ball 3-0: Base on Balls Claudio Guerra to second
|
Batting: RHB Bartolo Quiñones
|
0-0: Ball 1-0: Swinging Strike 1-1: Foul Ball, location: 2F 1-2: Foul Ball, location: 2F 1-2: Ball 2-2: Foul Ball, location: 2F 2-2: Ball 3-2: Fly out, F9 (Flyball, 89M)
|
Bottom of the 4th over - 0 run(s), 1 hit(s), 0 error(s), 2 left on base; Pocatello 2 - Portland 1 |
TOP OF THE 5TH |
Pocatello Boccabellas batting - Pitching for Portland Cards : LHP Mike Graves
|
Batting: RHB José García
|
0-0: Ground out 6-3 (Groundball, 6)
|
Batting: LHB Norberto Muñóz
|
0-0: Foul Ball, location: 2F 0-1: Swinging Strike 0-2: Ball 1-2: Strikes out swinging
|
Batting: RHB Marlon Phipps
|
0-0: Ball 1-0: Ball 2-0: Called Strike 2-1: Foul Ball, location: 2F 2-2: Ball 3-2: Base on Balls
|
Batting: LHB Juan Cortés
|
0-0: Ball 1-0: Ball 2-0: Ball 3-0: Called Strike 3-1: Called Strike 3-2: Ground out U3 (Groundball, 3L)
|
Top of the 5th over - 0 run(s), 0 hit(s), 0 error(s), 1 left on base; Pocatello 2 - Portland 1 |
BOTTOM OF THE 5TH |
Portland Cards batting - Pitching for Pocatello Boccabellas : LHP Rod Adams
|
Batting: RHB Lonson Seals
|
0-0: SINGLE (Groundball, 4D)
|
Batting: LHB Keith Beard
|
0-0: Called Strike Lonson Seals is caught stealing 2nd base 0-1: Called Strike 0-2: Strikes out swinging
|
Batting: LHB Jeff Daniels
|
0-0: SOLO HOME RUN (Flyball, 8RXD), Distance : 398 ft
|
Batting: RHB Paco Arellano
|
0-0: Called Strike 0-1: Ball 1-1: SINGLE (Line Drive, 7S)
|
Batting: LHB Paul Mullins
|
0-0: Hit by Pitch Paco Arellano to second
|
Pinch Runner at 1st John Cotton:
|
|
Batting: LHB Tom Blake
|
0-0: Ball 1-0: Ball 2-0: Ball 3-0: Called Strike 3-1: SINGLE (Groundball, 34D) Paco Arellano to third John Cotton to second Runner from 3rd tries for Home, SAFE, no throw or cutoff
|
Batting: RHB Claudio Guerra
|
0-0: Ball 1-0: Called Strike 1-1: Foul Ball, location: 2F 1-2: Ball 2-2: SINGLE (Groundball, 6MD) John Cotton to third Tom Blake to second Runner from 3rd tries for Home, SAFE, no throw or cutoff
|
Batting: RHB Dani Vázquez
|
0-0: Foul Ball, location: 2F 0-1: Ball 1-1: Foul Ball, location: 2F 1-2: Fly out, F3 (Popup, 34)
|
Bottom of the 5th over - 3 run(s), 5 hit(s), 0 error(s), 2 left on base; Pocatello 2 - Portland 4 |
TOP OF THE 6TH |
Pocatello Boccabellas batting - Pitching for Portland Cards : LHP Mike Graves
|
Now at 1B: John Cotton
|
|
Batting: RHB Francisco Sandoval
|
0-0: Swinging Strike 0-1: Swinging Strike 0-2: Foul Ball, location: 2F 0-2: Ball 1-2: Foul Ball, location: 2F 1-2: Strikes out swinging
|
Batting: RHB Pedro Guzmán
|
0-0: Ground out 6-3 (Groundball, 6)
|
Batting: RHB José Delgado
|
0-0: Ball 1-0: Ball 2-0: Ball 3-0: Called Strike 3-1: Base on Balls
|
Batting: LHB Jim Jensen
|
0-0: Foul Ball, location: 2F 0-1: SINGLE (Line Drive, 6M) José Delgado to second Runner from 2nd tries for 3rd, SAFE, no throw or cutoff
|
Batting: SHB Guillermo Ortíz
|
0-0: Ball 1-0: Called Strike 1-1: Ball 2-1: Fielders Choice at 2nd, U6 (Groundball, 6M)
|
Top of the 6th over - 0 run(s), 1 hit(s), 0 error(s), 2 left on base; Pocatello 2 - Portland 4 |
BOTTOM OF THE 6TH |
Portland Cards batting - Pitching for Pocatello Boccabellas : LHP Rod Adams
|
Pitching: RHP Juan Álvarez
|
|
Batting: RHB Bartolo Quiñones
|
0-0: Called Strike 0-1: Ground out 4-3 (Groundball, 4M)
|
Batting: RHB Lonson Seals
|
0-0: Ground out 5-3 (Groundball, 56)
|
Batting: LHB Keith Beard
|
0-0: Fly out, F6 (Line Drive, 6)
|
Bottom of the 6th over - 0 run(s), 0 hit(s), 0 error(s), 0 left on base; Pocatello 2 - Portland 4 |
TOP OF THE 7TH |
Pocatello Boccabellas batting - Pitching for Portland Cards : LHP Mike Graves
|
Pitching: RHP César Menéndez
|
|
Batting: RHB José García
|
0-0: Ball 1-0: SINGLE (Line Drive, 4MD)
|
Batting: LHB Norberto Muñóz
|
0-0: Ball José García is caught stealing 2nd base 1-0: Ball 2-0: Swinging Strike 2-1: Ground out 3-1 (Groundball, 34S)
|
Batting: RHB Marlon Phipps
|
0-0: Called Strike 0-1: Ball 1-1: Foul Ball, location: 2F 1-2: Foul Ball, location: 2F 1-2: Strikes out swinging
|
Top of the 7th over - 0 run(s), 1 hit(s), 0 error(s), 0 left on base; Pocatello 2 - Portland 4 |
BOTTOM OF THE 7TH |
Portland Cards batting - Pitching for Pocatello Boccabellas : RHP Juan Álvarez
|
Batting: LHB Jeff Daniels
|
0-0: Ball 1-0: Ball 2-0: SINGLE (Line Drive, 4M)
|
Batting: RHB Paco Arellano
|
0-0: Foul Ball, location: 2F 0-1: Ground out 5-3 (Groundball, 56S) Jeff Daniels to second
|
Batting: LHB John Cotton
|
0-0: Ball 1-0: Foul Ball, location: 2F 1-1: Ball 2-1: Fly out, F4 (Popup, 4)
|
Batting: LHB Tom Blake
|
0-0: Ball 1-0: Ball 2-0: Ground out U3 (Groundball, 3S)
|
Bottom of the 7th over - 0 run(s), 1 hit(s), 0 error(s), 1 left on base; Pocatello 2 - Portland 4 |
TOP OF THE 8TH |
Pocatello Boccabellas batting - Pitching for Portland Cards : RHP César Menéndez
|
Batting: LHB Juan Cortés
|
0-0: Ball 1-0: Ball 2-0: Ground out 5-3 (Groundball, 56)
|
Batting: RHB Francisco Sandoval
|
0-0: SINGLE (Line Drive, 56D)
|
Pitching: RHP Armen Boyajian
|
|
Batting: RHB Pedro Guzmán
|
0-0: Ball 1-0: Called Strike 1-1: Foul Ball, location: 2F 1-2: Ball 2-2: Ball 3-2: Foul Ball, location: 2F 3-2: Foul Ball, location: 2F 3-2: Strikes out looking
|
Batting: RHB José Delgado
|
0-0: Ball 1-0: Ball 2-0: Called Strike 2-1: Swinging Strike 2-2: Foul Ball, location: 2F 2-2: Foul Ball, location: 2F 2-2: Ball 3-2: SINGLE (Line Drive, 4M) Francisco Sandoval to second Francisco Sandoval to third
|
Pitching: LHP Valentín Reséndez
|
|
Pinch Hitting: RHB Jeremy Carr
|
0-0: Called Strike 0-1: Called Strike 0-2: Strikes out looking
|
Top of the 8th over - 0 run(s), 2 hit(s), 0 error(s), 2 left on base; Pocatello 2 - Portland 4 |
BOTTOM OF THE 8TH |
Portland Cards batting - Pitching for Pocatello Boccabellas : RHP Juan Álvarez
|
Pitching: RHP Jaime Espinoza
|
|
Now at SS: Fabrice Brodeur
|
|
Batting: RHB Claudio Guerra
|
0-0: Ball 1-0: Foul Ball, location: 2F 1-1: Ball 2-1: Ball 3-1: Base on Balls
|
Batting: RHB Dani Vázquez
|
0-0: Called Strike 0-1: Ball 1-1: Ball 2-1: Bunt missed! 2-2: Foul Ball, location: 2F 2-2: Ball 3-2: Ground out 4-3 (Groundball, 4M) Claudio Guerra to second
|
Batting: RHB Bartolo Quiñones
|
0-0: Ball 1-0: SINGLE (Groundball, 2L) (infield hit) Claudio Guerra to third
|
Pinch Hitting: LHB Donovan Bird
|
0-0: Ball 1-0: Ball 2-0: Called Strike 2-1: Swinging Strike 2-2: Foul Ball, location: 2F 2-2: Ball 3-2: Foul Ball, location: 2F 3-2: Base on Balls Bartolo Quiñones to second
|
Batting: LHB Keith Beard
|
0-0: Ball 1-0: Ball 2-0: Foul Ball, location: 2F 2-1: DOUBLE (Flyball, 7LM) Claudio Guerra scores Bartolo Quiñones scores Donovan Bird to third
|
Batting: LHB Jeff Daniels
|
0-0: Intentional Walk
|
Batting: RHB Paco Arellano
|
0-0: Called Strike 0-1: Called Strike 0-2: Strikes out swinging
|
Batting: LHB John Cotton
|
0-0: SINGLE (Flyball, 8LS) Donovan Bird scores Keith Beard to third Jeff Daniels to second
|
Pitching: LHP Howard Bailey
|
|
Batting: LHB Tom Blake
|
0-0: Called Strike 0-1: Foul Ball, location: 2F 0-2: Fly out, F3 (Popup, 34)
|
Bottom of the 8th over - 3 run(s), 3 hit(s), 0 error(s), 3 left on base; Pocatello 2 - Portland 7 |
TOP OF THE 9TH |
Pocatello Boccabellas batting - Pitching for Portland Cards : LHP Valentín Reséndez
|
Now at 2B: Elpidio Martinho
|
|
Batting: SHB Guillermo Ortíz
|
0-0: Ball 1-0: Ball 2-0: Foul Ball, location: 2F 2-1: Ball 3-1: Swinging Strike 3-2: Ground out 4-3 (Groundball, 4M)
|
Batting: RHB José García
|
0-0: Ball 1-0: Foul Ball, location: 2F 1-1: Ball 2-1: Ground out 5-3 (Groundball, 56)
|
Batting: LHB Norberto Muñóz
|
0-0: Foul Ball, location: 2F 0-1: Ball 1-1: Swinging Strike 1-2: Fly out, F8 (Flyball, 8RD)
|
Top of the 9th over - 0 run(s), 0 hit(s), 0 error(s), 0 left on base; Pocatello 2 - Portland 7 |
|